 Dungeon Crawl Stone Soup version 0.26.0-10-g1f06aea511 (webtiles) character file.

Game seed: 8734043842883671177

1090834 Arum the Conqueror (level 27, -1/159 HPs)
             Began as a Gargoyle Fighter on Jan 22, 2021.
             Was the Champion of the Shining One.
             Killed from afar by Asmodeus (30 damage)
             ... with damnation
             ... on level 7 of Gehenna on Jan 23, 2021.
             The game lasted 03:08:47 (84202 turns).

Arum the Conqueror (Gargoyle Fighter)              Turns: 84202, Time: 03:08:48

Health: -1/159     AC: 60    Str: 34      XL:     27
Magic:  15/39      EV: 12    Int: 11      God:    the Shining One [******]
Gold:   10090      SH: 35    Dex:  5 (6)  Spells: 26/26 levels left

rFire    + + +     SeeInvis .   G - +11 morningstar "Killer Bee's Doom" {holy, +Fly Int+2 Dex-3}
rCold    + + .     Faith    .   w - +2 tower shield {rN+}
rNeg     + + +     Spirit   .   L - +11 gold dragon scales
rPois    ∞         Reflect  +   S - +2 hat "Fudoypp" {rPois Will++ Regen+ Int-2}
rElec    +         Harm     .   U - scarf {rC+ rF+}
rCorr    +         Rampage  .   Z - +2 pair of gloves {Str+3}
Will     +++++                  T - +0 pair of boots of a Labyrinth {Will+}
Stlth    ..........             z - amulet "Etwidgh" {Reflect Int+2 Slay+2 SH+5}
HPRegen  0.76/turn              K - ring of resist corrosion
MPRegen  0.26/turn              j - ring of protection from fire

@: flying, glowing
A: big wings, hooves 1, camouflage 1, deformed body, deterioration 1, dopey 1,
frail 2, negative energy resistance 1, screaming 2, electricity resistance,
unbreathing, petrification resistance, no potion heal 2, miasma immunity, AC +20
}: 10/15 runes: decaying, serpentine, slimy, silver, abyssal, demonic, glowing,
magical, fiery, dark
a: Stop Flying, Renounce Religion, Divine Shield, Cleansing Flame, Summon Divine
Warrior, Brand Weapon With Holy Wrath


You were on level 7 of Gehenna.
You worshipped the Shining One.
The Shining One was exalted by your worship.
You visited 12 branches of the dungeon, and saw 57 of its levels.
You visited Pandemonium 4 times, and saw 21 of its levels.
You visited the Abyss 4 times.
You visited 1 bazaar.
You also visited: Gauntlet and Desolation.

You collected 12920 gold pieces.
You spent 2618 gold pieces at shops.
You donated 212 gold pieces to Zin.

Inventory:

Hand Weapons
 C - a +9 vorpal demon whip
 G - the +11 morningstar "Killer Bee's Doom" (weapon) {holy, +Fly Int+2 Dex-3}
   (You took it off a deep elf demonologist on level 3 of the Elven Halls)

   It has been blessed by the Shining One to cause great damage to the undead
   and demons.
   It affects your intelligence (+2).
   It affects your dexterity (-3).
   It lets you fly.
 X - a +6 sacred scourge of holy wrath
Missiles
 g - 2 throwing nets
 J - 15 silver javelins
 M - 42 javelins (quivered)
Armour
 w - a +2 tower shield of positive energy (worn)
 L - +11 gold dragon scales (worn)
 S - the +2 hat "Fudoypp" (worn) {rPois Will++ Regen+ Int-2}
   (Okawaru gifted it to you on level 1 of the Depths)

   It affects your intelligence (-2).
   It protects you from poison.
   It affects your willpower, your defense against some magical effects.
   It increases your rate of regeneration.
 T - the +0 pair of boots of a Labyrinth (worn) {Will+}
   (Okawaru gifted it to you on level 13 of the Dungeon)

   It affects your willpower, your defense against some magical effects.
 U - a scarf of resistance (worn)
 Z - a +2 pair of gloves of strength (worn)
Jewellery
 j - a ring of protection from fire (right hand)
 z - the amulet "Etwidgh" (around neck) {Reflect Int+2 Slay+2 SH+5}
   (You bought it in a shop on level 1 of the Snake Pit)

   [amulet of reflection]

   It shields you and reflects attacks.
   It affects your intelligence (+2).
   It affects your accuracy and damage with ranged weapons and melee attacks
   (+2).
   It affects your SH (+5).
 K - a ring of resist corrosion (left hand)
 N - the amulet of Zyoqeul {rN+ Will+ Regen+}
   (You found it on level 1 of the Abyss)

   [amulet of regeneration]

   It protects you from negative energy.
   It affects your willpower, your defense against some magical effects.
   It increases your rate of regeneration.
 O - an uncursed ring of protection from cold
 V - the amulet "Wugogum" {rPois Will+++ Regen+ Str-2 SInv}
   (You acquired it on level 4 of the Dungeon)

   [amulet of regeneration]

   It affects your strength (-2).
   It protects you from poison.
   It affects your willpower, your defense against some magical effects.
   It lets you see invisible.
   It increases your rate of regeneration.
Wands
 a - a wand of digging (34)
 o - a wand of acid (64)
 p - a wand of iceblast (67)
Scrolls
 b - 8 scrolls of fog
 c - 30 scrolls of identify
 e - 4 scrolls of immolation
 f - 26 scrolls of teleportation
 h - 37 scrolls of remove curse
 l - 2 scrolls of enchant armour
 q - 9 scrolls of blinking
 u - 4 scrolls of summoning
 v - 12 scrolls of magic mapping
 B - 2 scrolls of holy word
 D - 12 scrolls of fear
Potions
 d - 8 potions of might
 i - 27 potions of curing
 m - 10 potions of haste
 s - 9 potions of attraction
 x - a potion of resistance
 A - 13 potions of lignification
 E - 4 potions of invisibility
 F - 6 potions of berserk rage
 H - 8 potions of ambrosia
 I - 2 potions of cancellation
 R - a potion of mutation
 Y - 4 potions of magic
Miscellaneous
 k - a condenser vane
 n - a box of beasts
 r - a tin of tremorstones (2/2)
 t - a phantom mirror
 Q - a phial of floods


   Skills:
 O Level 27 Fighting
 - Level 23.3 Maces & Flails
 + Level 9.2 Throwing
 O Level 27 Armour
 - Level 17.0 Dodging
 O Level 27 Shields
 + Level 24.7 Invocations
 - Level 12.0 Evocations


You had 26 spell levels left.
You didn't know any spells.
Your spell library contained the following spells:

 Spells                   Type           Power        Failure   Level
 Animate Skeleton         Necr           0%           83%         1
 Apportation              Tloc           0%           83%         1
 Beastly Appendage        Tmut           0%           83%         1
 Corona                   Hex            0%           83%         1
 Foxfire                  Conj/Fire      0%           83%         1
 Freeze                   Ice            0%           83%         1
 Magic Dart               Conj           0%           83%         1
 Pain                     Necr           0%           83%         1
 Sandblast                Erth           0%           83%         1
 Shock                    Conj/Air       0%           83%         1
 Summon Small Mammal      Summ           0%           83%         1
 Blink                    Tloc           N/A          93%         2
 Call Imp                 Summ           0%           93%         2
 Corpse Rot               Necr/Air       N/A          93%         2
 Passwall                 Tmut/Erth      0%           93%         2
 Poisonous Vapours        Pois/Air       0%           93%         2
 Searing Ray              Conj           0%           93%         2
 Slow                     Hex            0%           93%         2
 Swiftness                Air            0%           93%         2
 Wereblood                Tmut           0%           93%         2
 Call Canine Familiar     Summ           0%           99%         3
 Confusing Touch          Hex            0%           99%         3
 Conjure Flame            Conj/Fire      0%           99%         3
 Dazzling Flash           Conj/Hex       0%           99%         3
 Frozen Ramparts          Ice            0%           99%         3
 Gell's Gravitas          Tloc           0%           99%         3
 Ignite Poison            Fire/Tmut/Pois 0%           99%         3
 Inner Flame              Hex/Fire       0%           99%         3
 Lesser Beckoning         Tloc           0%           99%         3
 Mephitic Cloud           Conj/Pois/Air  0%           99%         3
 Ozocubu's Armour         Ice            0%           99%         3
 Portal Projectile        Hex/Tloc       0%           99%         3
 Spider Form              Tmut/Pois      0%           99%         3
 Static Discharge         Conj/Air       0%           99%         3
 Stone Arrow              Conj/Erth      0%           99%         3
 Teleport Other           Tloc           0%           99%         3
 Tukima's Dance           Hex            0%           99%         3
 Vampiric Draining        Necr           0%           99%         3
 Animate Dead             Necr           0%           100%        4
 Cause Fear               Hex            0%           100%        4
 Dispel Undead            Necr           0%           100%        4
 Fulminant Prism          Conj/Hex       0%           100%        4
 Hailstorm                Conj/Ice       0%           100%        4
 Ice Form                 Ice/Tmut       0%           100%        4
 Iskenderun's Mystic Bla  Conj/Tloc      0%           100%        4
 Leda's Liquefaction      Hex/Erth       0%           100%        4
 Olgreb's Toxic Radiance  Pois           0%           100%        4
 Passage of Golubria      Tloc           N/A          100%        4
 Petrify                  Tmut/Erth      0%           100%        4
 Sticky Flame             Conj/Fire      0%           100%        4
 Summon Ice Beast         Ice/Summ       0%           100%        4
 Summon Lightning Spire   Summ/Air       0%           100%        4
 Agony                    Necr           0%           100%        5
 Alistair's Intoxication  Tmut/Pois      0%           100%        5
 Blade Hands              Tmut           0%           100%        5
 Bolt of Magma            Conj/Fire/Erth 0%           100%        5
 Borgnjor's Vile Clutch   Necr/Erth      0%           100%        5
 Excruciating Wounds      Necr           0%           100%        5
 Fireball                 Conj/Fire      0%           100%        5
 Irradiate                Conj/Tmut      0%           100%        5
 Iskenderun's Battlesphe  Conj           0%           100%        5
 Lee's Rapid Deconstruct  Erth           0%           100%        5
 Lightning Bolt           Conj/Air       0%           100%        5
 Metabolic Englaciation   Hex/Ice        0%           100%        5
 Silence                  Hex/Air        0%           100%        5
 Summon Demon             Summ           0%           100%        5
 Summon Forest            Summ/Tloc      0%           100%        5
 Summon Mana Viper        Hex/Summ       0%           100%        5
 Yara's Violent Unravell  Hex/Tmut       0%           100%        5
 Conjure Ball Lightning   Conj/Air       0%           100%        6
 Death Channel            Necr           0%           100%        6
 Eringya's Noxious Bog    Tmut/Pois      0%           100%        6
 Freezing Cloud           Conj/Ice/Air   0%           100%        6
 Hydra Form               Tmut           0%           100%        6
 Invisibility             Hex            0%           100%        6
 Iron Shot                Conj/Erth      0%           100%        6
 Ozocubu's Refrigeration  Ice            0%           100%        6
 Shadow Creatures         Summ           N/A          100%        6
 Simulacrum               Ice/Necr       0%           100%        6
 Starburst                Conj/Fire      0%           100%        6
 Dragon Form              Tmut           0%           100%        7
 Haunt                    Necr/Summ      0%           100%        7
 Orb of Destruction       Conj           0%           100%        7
 Spellforged Servitor     Conj/Summ      0%           100%        7
 Summon Hydra             Summ           0%           100%        7
 Borgnjor's Revivificati  Necr           0%           100%        8
 Disjunction              Tloc           0%           100%        8
 Ignition                 Fire           0%           100%        8
 Infestation              Necr           0%           100%        8
 Necromutation            Tmut/Necr      0%           100%        8
 Death's Door             Necr           0%           100%        9
 Dragon's Call            Summ           0%           100%        9
 Tornado                  Air            0%           100%        9
 Sublimation of Blood     Necr           Unusable     N/A         2
 Statue Form              Tmut/Erth      Unusable     N/A         6

Dungeon Overview and Level Annotations

Branches:
Dungeon (15/15)            Temple (1/1) D:5            Lair (6/6) D:8
  Swamp (4/4) Lair:3        Snake (4/4) Lair:4        Slime (5/5) Lair:6
    Orc (2/2) D:9             Elf (3/3) Orc:2        Vaults (5/5) D:13
  Crypt (0/3) Vaults:2     Depths (5/5) D:15           Hell (visited)
    Dis (0/7) Hell            Geh (7/7) Hell            Coc (0/7) Hell
    Tar (0/7) Hell            Zot (0/5) Depths:5    Desolation (visited)
Gauntlet (visited)

Altars:
Ashenzari
Gozag
Hepliaklqana
Makhleb
Nemelex Xobeh
Okawaru
Qazlal
Ru
Trog
Uskayaw
Wu Jian
Yredelemnul
Zin
The Shining One
Jiyva
Lugonu

Shops:
D:4 ??}=}   D:8 }=[[   Orc:2 ((}:[   Elf:2 ?   Snake:1 ==}   Snake:4 [
Vaults:1 ((!   Vaults:3 }   Vaults:5 *   Depths:5 }

Portals:
Hell: Depths:1 Depths:2 Depths:3 Depths:4 Depths:5
Abyss: Depths:1 Depths:3 Depths:4
Pandemonium: Depths:1 Depths:2 Depths:3
Ziggurat: Depths:1

Annotations:
D:8 3 runed translucent doors, dscm's ghost, novice HOFi
Depths:5 2 transporters, Poanarph's ghost, veteran GrVM
Geh:7 Asmodeus


Innate Abilities, Weirdness & Mutations

You are resistant to torment.
Your stone body is resilient. (AC +20)
You are immune to poison.
Your large and strong wings let you fly indefinitely.
You resist negative energy. (rN+)
You are resistant to electric shocks. (rElec)
You can survive without breathing.
You are immune to petrification.
You are immune to miasma.
You have large cloven feet.
Your skin changes colour to match your surroundings (Stealth+).
Armour fits poorly on your strangely shaped body.
Your body sometimes deteriorates upon taking damage.
You are dopey. (Int -2)
You are very frail. (-20% HP)
You sometimes yell uncontrollably at your foes.
Potions are poor at restoring your health.


Message History

You block Asmodeus's attack.
Unknown command.
Unknown command.
Your system partially rejects the healing.
You feel much better. You block Asmodeus's attack.
Unknown command.
Unknown command.
Your system partially rejects the healing.
You feel much better.
You are engulfed in blazing flames.
You resist. You block Asmodeus's attack.
Unknown command.
Unknown command.
The golden flame engulfs you but does no damage.
The golden flame engulfs Asmodeus!!!
Asmodeus writhes in agony!
Asmodeus is almost dead.
You are engulfed in blazing flames.
You resist.
* * * LOW HITPOINT WARNING * * *
Asmodeus gestures at you.
The sphere of damnation explodes!
The damnation engulfs you!!
You die...

≈≈≈≈≈≈≈≈,*********#.§≈≈≈≈≈≈§§§≈≈≈
≈≈≈≈≈≈,,,*********#..≈≈≈≈≈≈§≈§≈≈§
≈≈≈≈≈,,,,**,,,,,,*#...≈≈≈≈≈≈≈≈§§§
≈≈≈≈≈,,,,**,,,,,,*#...§≈§≈§≈≈≈≈≈≈
≈≈≈≈≈≈,,,**,,,,,,*#..§§§§§≈≈≈≈§§≈
≈≈≈≈≈,,***#+******##...≈§≈≈≈≈§≈≈≈
≈≈≈≈≈,,**##'########.§..≈≈≈§≈§≈≈≈
≈≈≈,,,,**.....☼☼°.##.......≈≈≈≈≈≈
≈,,,,,,**.....°&@.###......)§≈≈≈≈
,,,,,,,**.....°§°..##.......).≈≈≈
,,,,##############'#########...≈§
,≈≈,#............'..#$$$$$$#.....
≈≈≈,#'#############.#$$$.$$#.....
≈≈,,#.^...).......#.#$$$$$$#....≈
,,,,#.............#.'..$$$$#.....
,,,,#.............#'########.....
#################'#.[.$}$[$#.....


You could see Asmodeus (clouds).

Vanquished Creatures
  Cerebov (Pan)
  14 pandemonium lords (Pan)
  the Royal Jelly (Slime:5)
  Ignacio (Pan)
  Mnoleg (Pan)
  Lom Lobon (Pan)
  the Serpent of Hell (Geh:7)
  Mennas (Depths:5)
  5 ancient liches
  3 royal mummies (Depths:3)
  11 caustic shrikes
  A golden dragon (shapeshifter) (Vaults:5)
  Geryon (Hell)
  Nikola (Elf:3)
  8 golden dragons
  The ghost of Himiffod the Slayer, a veteran GrVM of Kikubaaqudgha (Depths:2)
  Jory (Depths:3)
  5 bone dragons
  7 Tzitzimimeh (Pan)
  13 Brimstone Fiends
  12 tentacled monstrosities
  10 Hell Sentinels (Pan)
  6 liches
  15 Ice Fiends (Pan)
  10 deep elf master archers
  9 deep elf blademasters
  23 titans
  Murray (Hell)
  8 tentacled starspawn
  23 Executioners (Pan)
  2 eldritch tentacles (Pan)
  10 acid blobs
  8 shadow dragons
  10 sphinxes
  Kirke (Lair:4)
  Agnes (Elf:2)
  12 azure jellies
  5 storm dragons
  7 tengu reavers
  11 nagarajas
  A revenant (Hell)
  Roxanne (Swamp:2)
  The ghost of dohliylev the Severer, a journeyman MiBe of Trog (Snake:2)
  A daeva (Pan)
  A draconian monk (Abyss:1)
  22 fire giants
  2 fenstrider witches
  A draconian knight (Depths:5)
  16 frost giants
  6 deep elf sorcerers
  6 iron dragons
  9 corrupters (Pan)
  12 cacodemons (Pan)
  2 orc warlords
  21 warmongers (Pan)
  A draconian scorcher (Depths:5)
  3 ghost moths (Pan)
  An imperial myrmidon (Desolation)
  14 vault wardens
  26 balrugs
  A draconian shifter (Depths:5)
  A curse skull (Pan)
  3 deep elf elementalists
  2 angels
  Louise (Depths:4)
  A ghoul (Vaults:5)
  19 ironheart preservers
  38 very ugly things
  A draconian annihilator (Pan)
  A spriggan defender (Depths:2)
  21 reapers
  5 vampire knights
  8 blood saints (Pan)
  49 stone giants
  13 deep elf demonologists
  5 war gargoyles
  2 green draconians (Depths:5)
  3 black draconians
  2 halazid warlocks (Desolation)
  A dire elephant (Gauntlet)
  14 deep elf annihilators
  11 black suns (Pan)
  A white draconian (Depths:5)
  A minotaur (Gauntlet)
  11 lorocyprocas (Pan)
  A yellow draconian (Pan)
  2 entropy weavers (Lair:6)
  2 spark wasps
  The ghost of Siddir the Blocker, a journeyman MiBe of Trog (Snake:3)
  3 bunyips
  A red draconian (Pan)
  2 purple draconians
  2 eleionomae (Swamp:3)
  27 blizzard demons
  19 ettins
  24 green deaths
  2 mummy priests (Depths:3)
  2 quicksilver dragon zombies (Geh:1)
  4 crystal guardians
  The ghost of Xomnel the Fencer, a journeyman TeFi of Okawaru (Lair:6)
  8 deep elf death magi
  Snorg (Lair:5)
  2 deep elf high priests (Elf:3)
  A kraken zombie (Hell)
  6 death oozes (Slime:5)
  13 great orbs of eyes
  12 fire dragons
  9 ice dragons
  A shambling mangrove (Swamp:3)
  13 ogre magi
  3 quicksilver dragon skeletons
  30 yaktaur captains
  10 boulder beetles
  7 ragged hierophants (Desolation)
  6 servants of whispers (Desolation)
  15 monstrous demonspawn (Pan)
  31 vault guards
  19 hydras
  13 naga warriors
  9 rakshasas
  8 peacekeepers
  2 hell beasts (Pan)
  A catoblepas (Lair:4)
  A ghost crab (Swamp:4)
  27 two-headed ogres
  8 alligators
  19 anacondas
  A death knight (Vaults:5)
  7 spriggan air magi
  12 centaur warriors
  An anaconda (shapeshifter) (Vaults:5)
  10 death yaks
  A queen ant (Lair:6)
  20 dancing weapons
  10 deep troll earth magi
  6 deep troll shamans
  A two-headed ogre (shapeshifter) (Abyss:1)
  13 hell hogs
  8 tengu warriors
  A vampire mage (Depths:2)
  3 orc high priests
  A satyr (Abyss:3)
  Urug (Orc:2)
  10 shock serpents
  10 thrashing horrors
  A titan zombie (Geh:3)
  2 spriggan berserkers
  10 naga sharpshooters
  40 soul eaters
  2 storm dragon zombies
  26 deep elf knights
  2 iron trolls (Depths:1)
  2 salamander mystics
  4 iron golems (Hell)
  46 sun demons
  26 sixfirhies
  2 fire crabs (shapeshifter)
  4 titan skeletons
  8 skeletal warriors
  18 hell knights
  A spectral anaconda (Snake:3)
  7 goliath frogs
  3 spatial maelstroms
  5 unseen horrors
  4 storm dragon skeletons
  4 wretched stars
  33 deep trolls
  10 shadow wraiths
  A cherub (Pan)
  10 wizards
  14 infernal demonspawn (Pan)
  9 gelid demonspawn (Pan)
  24 shadow demons (Pan)
  7 torturous demonspawn (Pan)
  A spriggan druid (Swamp:4)
  13 swamp dragons
  5 bog bodies (Swamp:4)
  3 anaconda skeletons
  An anaconda zombie (Geh:6)
  A lindwurm (Lair:6)
  A shadow dragon zombie (Geh:6)
  8 flayed ghosts
  2 harpies (shapeshifter)
  23 deep elf archers
  8 glowing orange brains
  11 naga ritualists
  18 ironbrand convokers
  16 orc knights
  7 mana vipers
  5 necromancers
  6 phantasmal warriors
  3 stone giant zombies
  61 ugly things
  8 shining eyes
  3 wolf spiders
  17 salamanders
  A manticore (D:12)
  5 will-o-the-wisps
  6 orc sorcerers
  77 deep elf magi
  2 shadow dragon skeletons (Geh:1)
  4 iron dragon skeletons
  9 cyclopes
  A spectral shock serpent (Snake:3)
  5 fire giant zombies
  5 fire giant skeletons
  7 worldbinders
  16 guardian serpents
  3 frost giant skeletons
  14 vault sentinels
  29 naga magi
  4 apocalypse crabs
  3 dire elephant zombies
  31 black mambas
  2 eyes of devastation
  A guardian serpent (shapeshifter) (Vaults:4)
  12 elephants
  2 ice statues (Hell)
  2 stone giant skeletons
  A water nymph (shapeshifter) (Depths:5)
  12 molten gargoyles
  23 orange demons
  A toenail golem (Pan)
  10 rust devils
  88 smoke demons
  3 gargoyles
  2 dire elephant skeletons
  24 hellions
  2 rime drakes
  A torpor snail (Lair:4)
  8 cane toads
  5 centaur skeletons
  85 yaktaurs
  2 yaktaurs (shapeshifter)
  A komodo dragon (shapeshifter) (Vaults:2)
  2 kobold demonologists
  21 demonic crawlers (Pan)
  6 komodo dragons
  A redback zombie (D:14)
  13 tormentors
  5 ice devils
  A rime drake (shapeshifter) (Depths:4)
  10 efreet
  2 anaconda simulacra
  A hydra zombie (Abyss:1)
  48 hellwings
  10 tengu conjurers
  3 meliai (shapeshifter)
  10 freezing wraiths
  40 red devils
  A troll (shapeshifter) (Depths:3)
  A queen bee (shapeshifter) (Elf:3)
  12 trolls
  A catoblepas skeleton (Geh:6)
  A harpy zombie (Geh:7)
  16 wind drakes (Pan)
  8 ancient zymes
  2 jumping spiders (shapeshifter)
  A harpy skeleton (Abyss:1)
  A polar bear (shapeshifter) (D:14)
  25 hornets
  24 blink frogs
  58 saltlings (Desolation)
  9 tyrant leeches
  A blink frog (shapeshifter) (Vaults:4)
  2 alligator zombies
  112 slime creatures
  3 spectral nagas (Snake:3)
  5 polar bears
  A dream sheep (shapeshifter) (Depths:5)
  2 hydra skeletons
  A spectral black mamba (Snake:3)
  A dream sheep (Lair:6)
  5 raiju
  3 fire dragon zombies
  An air elemental (Elf:3)
  28 spriggans
  An ettin skeleton (Pan)
  30 flying skulls
  8 water elementals
  2 fire dragon skeletons
  3 ice dragon skeletons
  10 shadows
  A spriggan skeleton (Depths:1)
  52 ynoxinuls
  2 wyverns
  8 wraiths
  3 alligator skeletons
  15 small abominations
  Sigmund (D:3)
  A spriggan (shapeshifter) (Depths:2)
  A black mamba skeleton (Geh:4)
  A fire bat (shapeshifter) (Vaults:3)
  27 yaks
  5 basilisks
  32 chaos spawn
  22 fire elementals
  9 golden eyes (Slime:5)
  2 humans (shapeshifter)
  A spectral salamander (Snake:3)
  41 neqoxecs
  A steam dragon (D:8)
  3 vampire mosquitoes (D:12)
  4 humans (Lair:4)
  2 spatial vortices (Abyss:1)
  Edmund (D:6)
  7 wargs
  59 nagas
  20 swamp worms
  12 soldier ants
  2 acid dragons
  14 water moccasins
  3 floating eyes
  77 large abominations
  Duvessa (D:7)
  A cane toad zombie (Hell)
  31 hell hounds
  A water moccasin (shapeshifter) (Vaults:5)
  34 orc warriors
  A swamp drake (Swamp:1)
  2 cane toad skeletons
  5 sky beasts
  2 swamp drakes (shapeshifter)
  A black bear (shapeshifter) (D:13)
  5 phantoms
  9 eyes of draining
  30 ogres
  A snapping turtle zombie (Geh:6)
  10 black bears
  2 black mamba simulacra (Snake:3)
  2 eyes of draining (shapeshifter)
  A manticore zombie (Geh:1)
  A hornet zombie (D:9)
  2 ice beasts
  6 necrophages
  12 boggarts
  18 centaurs
  28 wolves
  37 starcursed masses
  2 snapping turtle skeletons (Geh:6)
  2 big kobolds
  Blork the orc (D:5)
  A bullfrog (shapeshifter) (Abyss:3)
  17 bullfrogs
  A cane toad simulacrum (Hell)
  A wyvern zombie (D:13)
  Dowan (D:7)
  2 earth elementals
  A wyvern skeleton (D:13)
  An elf skeleton (Geh:1)
  A hornet simulacrum (D:15)
  5 scorpions
  A naga simulacrum (Snake:3)
  5 killer bees (D:9)
  A manticore simulacrum (Abyss:1)
  28 wights
  3 howler monkeys
  3 electric eels
  A crimson imp (Pan)
  3 centaur zombies
  5 quasits
  A human simulacrum (Vaults:1)
  7 hounds
  31 orc wizards
  4 bullfrog skeletons
  19 orc priests
  A wyvern simulacrum (D:15)
  A bullfrog zombie (D:12)
  10 jellies
  4 iron imps
  4 iguanas
  28 worker ants
  Ijyb (D:5)
  4 hell rats (Hell)
  A hound zombie (D:10)
  A hound skeleton (D:9)
  Robin (D:3)
  A howler monkey skeleton (D:8)
  A worker ant zombie (D:11)
  3 gnolls (D:4)
  7 adders
  3 shadow imps
  4 white imps
  3 ufetubi
  An adder zombie (D:8)
  An adder skeleton (D:3)
  6 worms
  A dart slug (D:4)
  5 leopard geckos
  67 orcs
  2 bats
  4 giant cockroaches
  10 goblins
  7 hobgoblins
  16 kobolds
  2 quokkas
  3 frilled lizards
  A kobold skeleton (Pan)
  9 rats
  A fire vortex (Pan)
  4 starspawn tentacles
  3 tentacles (Hell)
3756 creatures vanquished.

Vanquished Creatures (collateral kills)
  Gloorx Vloq (Pan)
  A pandemonium lord (Pan)
  3 Brimstone Fiends
  A tentacled monstrosity (Pan)
  3 Executioners (Pan)
  A warmonger (Pan)
  3 balrugs
  A curse skull (Pan)
  A reaper (Pan)
  2 very ugly things (Pan)
  A corrupter (Pan)
  3 lorocyprocas (Pan)
  2 blizzard demons (Pan)
  A monstrous demonspawn (Pan)
  An orc high priest (Orc:2)
  2 sun demons
  3 soul eaters (Pan)
  3 shadow wraiths (Pan)
  An anaconda zombie (Geh:7)
  A gelid demonspawn (Pan)
  5 large abominations (Pan)
  An infernal demonspawn (Pan)
  A shadow demon (Pan)
  2 ugly things (Pan)
  An anaconda skeleton (Pan)
  An iron dragon zombie (Geh:7)
  A frost giant zombie (Geh:7)
  3 molten gargoyles (Geh:7)
  2 orange demons (Pan)
  A smoke demon (Geh:7)
  6 demonic crawlers (Pan)
  A tormentor (Pan)
  4 red devils (Pan)
  A shadow (Geh:7)
  5 flying skulls (Geh:7)
  A wraith (Geh:7)
  2 fire elementals (Geh:7)
  4 chaos spawn (Pan)
  6 neqoxecs (Pan)
  2 orc priests (Orc:2)
85 creatures vanquished.

Vanquished Creatures (others)
  A deep elf blademaster (Elf:3)
  A titan (Pan)
  A storm dragon (Pan)
  Nessos (D:15)
  A corrupter (Pan)
  A stone giant (Vaults:5)
  A deep elf high priest (Vaults:5)
  3 green deaths (Pan)
  A rakshasa (Pan)
  3 hell hogs
  A soul eater (Pan)
  A deep elf knight (Elf:2)
  An orc knight (Orc:2)
  2 small abominations
  A ghost moth zombie (Geh:6)
  A wizard (Pan)
  A will-o-the-wisp (Swamp:3)
  3 smoke demons
  A rime drake (shapeshifter) (Elf:3)
  2 red devils
  A hellwing (Pan)
  4 bloated husks
  4 flying skulls
  2 ynoxinuls (Pan)
  A spriggan (Swamp:3)
  A fire elemental (Geh:6)
  A chaos spawn (Pan)
  3 hell hounds
  2 ogres (Vaults:5)
  A wolf (Lair:6)
  A wight (Geh:1)
  An orc wizard (Orc:2)
  4 ball lightnings (Pan)
  A crawling corpse (Elf:3)
  6 demonic plants (Abyss:1)
  A fire vortex (Depths:5)
  18 foxfires
  41 fungi
  A lurking horror (Abyss:3)
  4 pillars of salt (Pan)
  53 plants
  12 starspawn tentacles
  A tentacle (Hell)
  19 withered plants (Gauntlet)
211 creatures vanquished.

Grand Total: 4052 creatures vanquished

Notes
Turn   | Place    | Note
-------+----------+-------------------------------------------
     0 | D:1      | Arum the Gargoyle Fighter began the quest for the Orb.
     0 | D:1      | Reached XP level 1. HP: 14/14 MP: 1/1
   405 | D:1      | Reached XP level 2. HP: 15/19 MP: 2/2
  1348 | D:2      | Reached XP level 3. HP: 14/23 MP: 3/3
  1590 | D:3      | Noticed Robin
  1736 | D:3      | Killed Robin
  1797 | D:3      | Reached XP level 4. HP: 28/29 MP: 4/4
  1968 | D:3      | You fall into a shaft and drop 1 floor!
  2051 | D:4      | Found Xeibaugeve's Jewellery Boutique.
  2064 | D:4      | Reached XP level 5. HP: 31/34 MP: 5/5
  2113 | D:4      | Found Zuod's Gadget Emporium.
  2142 | D:3      | Found a sacrificial altar of Ru.
  2172 | D:3      | Reached XP level 6. HP: 33/39 MP: 6/6
  2368 | D:3      | Noticed Sigmund
  2373 | D:3      | Killed Sigmund
  2374 | D:3      | Reached skill level 5 in Fighting
  2608 | D:3      | Reached skill level 5 in Armour
  2752 | D:4      | Reached skill level 5 in Shields
  2752 | D:4      | Reached XP level 7. HP: 44/44 MP: 7/7
  2958 | D:4      | Found a hazy altar of Hepliaklqana.
  2960 | D:4      | Found Gukhlus's Gadget Shop.
  3029 | D:4      | Found a broken altar of Ashenzari.
  3099 | D:4      | You fall into a shaft and drop 1 floor!
  3099 | D:5      | Entered Level 5 of the Dungeon
  3164 | D:5      | Noticed Blork the orc
  3169 | D:5      | Killed Blork the orc
  3308 | D:5      | Found an iron altar of Okawaru.
  3315 | D:5      | Became a worshipper of Warmaster Okawaru
  3371 | D:5      | Found a staircase to the Ecumenical Temple.
  3615 | D:4      | Found Feaghom's Magic Scroll Boutique.
  3619 | D:4      | Found Zaanueg's Magic Scroll Emporium.
  3636 | D:4      | Bought a scroll of holy word for 82 gold pieces
  3636 | D:4      | Bought a scroll of identify for 22 gold pieces
  3636 | D:4      | Bought a scroll of magic mapping for 38 gold pieces
  3647 | D:4      | Bought a scroll of enchant weapon for 82 gold pieces
  3829 | D:5      | Noticed Ijyb
  3838 | D:5      | Killed Ijyb
  4301 | D:6      | Reached * piety under Okawaru
  4302 | D:6      | Reached XP level 8. HP: 51/51 MP: 8/8
  4308 | D:6      | Noticed Edmund
  4316 | D:6      | Killed Edmund
  4421 | D:6      | Reached skill level 5 in Maces & Flails
  4855 | Temple   | Entered the Ecumenical Temple
  5139 | D:6      | Found a bloodstained altar of Trog.
  5246 | D:6      | Noticed a moth of wrath
  5249 | D:6      | Found a bloodstained altar of Trog.
  5519 | D:7      | Reached ** piety under Okawaru
  5750 | D:7      | Found a glowing golden altar of the Shining One.
  5786 | D:7      | Noticed Duvessa
  5786 | D:7      | Noticed Dowan
  5791 | D:7      | Killed Duvessa
  5792 | D:7      | Reached XP level 9. HP: 57/57 MP: 9/9
  5796 | D:7      | Killed Dowan
  5895 | D:8      | Noticed a hornet
  5982 | D:8      | Noticed dscm's ghost (novice HOFi)
  6044 | D:8      | Found Haen's Antique Armour Shoppe.
  6072 | D:8      | Found a bloodstained altar of Trog.
  6108 | D:8      | Found a runed translucent gate.
  6108 | D:8      | Found a runed translucent gate.
  6110 | D:8      | Found a runed translucent gate.
  6224 | D:8      | Noticed a +0 hand axe
  6224 | D:8      | Noticed a +0 dagger
  6225 | D:8      | Found a hide-covered altar of Uskayaw.
  6247 | D:8      | Found Xokhour's Jewellery Shop.
  6252 | D:8      | Found Ynifesug's Gadget Shoppe.
  6465 | D:8      | Found a staircase to the Lair.
  6496 | D:8      | Reached *** piety under Okawaru
  6612 | D:8      | Found Ocvopp's Antique Armour Emporium.
  6809 | D:9      | Reached skill level 1 in Invocations
  6837 | D:9      | Received a gift from Okawaru
  6838 | D:9      | Reached XP level 10. HP: 20/64 MP: 9/11
  7116 | D:9      | Found a staircase to the Orcish Mines.
  7329 | D:9      | Found a basalt altar of Yredelemnul.
  7648 | D:10     | Entered Level 10 of the Dungeon
  7713 | D:10     | Reached **** piety under Okawaru
  7911 | D:9      | Received a gift from Okawaru
  8248 | D:10     | Noticed a two-headed ogre
  8258 | D:10     | Killed a two-headed ogre
  8615 | D:10     | Reached XP level 11. HP: 31/71 MP: 14/14
  8846 | D:11     | Noticed a two-headed ogre
  8865 | D:10     | Killed a two-headed ogre
  8865 | D:10     | Reached ***** piety under Okawaru
  8865 | D:10     | Received a gift from Okawaru
  8922 | D:11     | Reached skill level 5 in Invocations
  9061 | D:11     | Noticed a green ugly thing
  9075 | D:11     | Killed a green ugly thing
  9565 | D:11     | HP: 3/72 [gargoyle/stone arrow (15)]
  9567 | D:11     | Reached skill level 10 in Fighting
  9567 | D:11     | Reached skill level 10 in Armour
  9567 | D:11     | Reached skill level 10 in Shields
  9890 | D:11     | Noticed a seven-headed hydra
  9911 | D:11     | Killed a seven-headed hydra
 10308 | D:11     | Noticed an unseen horror
 10352 | D:11     | Killed an unseen horror
 11114 | D:12     | Found a stormy altar of Qazlal.
 11193 | D:12     | Received a gift from Okawaru
 11205 | D:12     | Got a pitted crystal plate armour {god gift}
 11216 | D:12     | Identified the +1 crystal plate armour of the Slightly Bent
                  | {rElec rN+ Will+ Str+4} (Okawaru gifted it to you on level
                  | 12 of the Dungeon)
 11276 | D:12     | Reached XP level 12. HP: 31/78 MP: 15/15
 11290 | D:12     | Found a flickering gateway to a bazaar.
 11295 | Bazaar   | Entered a bazaar
 11494 | Bazaar   | Found Boqemov's Distillery.
 11525 | Bazaar   | Found Qihor's Distillery.
 11540 | Bazaar   | Found Imager's Gadget Emporium.
 11572 | Bazaar   | Found Moufolo's Gadget Emporium.
 11622 | Bazaar   | Bought a potion of heal wounds for 70 gold pieces
 11622 | Bazaar   | Bought a potion of heal wounds for 70 gold pieces
 11652 | Bazaar   | Bought a potion of heal wounds for 85 gold pieces
 11699 | D:12     | Noticed an eight-headed hydra
 11727 | D:12     | Killed an eight-headed hydra
 12304 | D:12     | Reached skill level 10 in Maces & Flails
 12442 | D:12     | Noticed a boulder beetle
 12479 | D:12     | Killed a boulder beetle
 13464 | D:13     | Received a gift from Okawaru
 13472 | D:13     | Got a pair of spiked boots {god gift}
 13483 | D:13     | Identified the +0 pair of boots of a Labyrinth {Will+}
                  | (Okawaru gifted it to you on level 13 of the Dungeon)
 13514 | D:13     | Noticed a seven-headed hydra
 13533 | D:13     | Killed a seven-headed hydra
 13654 | D:13     | Noticed a boulder beetle
 13743 | D:13     | Killed a boulder beetle
 13967 | D:13     | Noticed a fire dragon
 13996 | D:13     | Killed a fire dragon
 13997 | D:13     | Reached XP level 13. HP: 33/85 MP: 14/16
 14249 | D:13     | Found a gate to the Vaults.
 14575 | D:14     | Found a gate leading to a gauntlet.
 14594 | Gauntlet | Entered a Gauntlet
 14594 | Gauntlet | Found a transporter.
 14594 | Gauntlet | Found a transporter.
 14612 | Gauntlet | Found a transporter.
 14612 | Gauntlet | Found a transporter.
 14612 | Gauntlet | Found a transporter.
 14614 | Gauntlet | Found a transporter.
 14622 | Gauntlet | Found a transporter.
 14626 | Gauntlet | Found a transporter.
 14636 | Gauntlet | Found a transporter.
 14639 | Gauntlet | Noticed a dire elephant
 14737 | Gauntlet | Found a transporter.
 14737 | Gauntlet | Noticed a blizzard demon
 14741 | Gauntlet | Found a transporter.
 14753 | Gauntlet | Found a transporter.
 14921 | Gauntlet | Got a pair of smoking boots
 14922 | Gauntlet | Identified the +0 pair of boots of Duty {rElec rPois Dex+4}
                  | (You found it in a Gauntlet)
 14965 | Gauntlet | Killed a blizzard demon
 15050 | Gauntlet | Killed a dire elephant
 15066 | Gauntlet | Got a pair of jewelled gloves
 15079 | Gauntlet | Identified the cursed +0 pair of gloves of the Farrier
                  | {rPois rF- rC+ Dex+4} (You found it in a Gauntlet)
 15172 | Gauntlet | Noticed a minotaur
 15189 | Gauntlet | Killed a minotaur
 15205 | Gauntlet | Got an iridescent morningstar
 15207 | Gauntlet | Identified the cursed +0 morningstar of Qapneg {vorpal,
                  | +Inv Will+ Dex+2} (You found it in a Gauntlet)
 15783 | D:14     | Identified the +3 great sword of Honour {protect, rElec
                  | Int+3 Dex-2}
 15807 | D:14     | Received a gift from Okawaru
 16196 | D:14     | Identified the Almanac of Evil Rites and Weightlessness
 16375 | D:14     | Received a gift from Okawaru
 16501 | D:14     | Gained mutation: Your large and strong wings let you fly
                  | indefinitely. [Gargoyle growth]
 16501 | D:14     | Reached XP level 14. HP: 94/94 MP: 17/17
 16830 | D:15     | Entered Level 15 of the Dungeon
 17122 | D:15     | Found a staircase to the Depths.
 17123 | D:15     | Noticed a fire giant
 17129 | D:15     | Noticed Nessos
 17143 | D:15     | Killed Nessos
 17198 | D:15     | Reached ****** piety under Okawaru
 17992 | D:15     | Killed a fire giant
 18552 | D:15     | Noticed a green very ugly thing
 18581 | D:15     | Killed a green very ugly thing
 18937 | Orc:1    | Entered Level 1 of the Orcish Mines
 18937 | Orc:1    | Noticed an orc warlord
 19178 | D:9      | Killed an orc warlord
 19178 | D:9      | Received a gift from Okawaru
 19666 | Orc:1    | Found a burning altar of Makhleb.
 19810 | D:4      | Bought a scroll of acquirement for 572 gold pieces
 19811 | D:4      | Acquired the amulet "Wugogum" {rPois Will+++ Regen+ Str-2
                  | SInv}
 19947 | Orc:2    | Entered Level 2 of the Orcish Mines
 19947 | Orc:2    | Found a staircase to the Elven Halls.
 20001 | Orc:2    | Found Nylop's Armour Shop.
 20203 | Orc:2    | Found Kac Zopt's Book Shop.
 20261 | Orc:2    | Found Wophotoi's Weapon Shoppe.
 20375 | Orc:2    | Reached XP level 15. HP: 36/101 MP: 18/18
 20695 | Orc:2    | Found Lahueh's Weapon Shoppe.
 20697 | Orc:2    | Found Ogotaejo's Gadget Shop.
 20760 | Orc:2    | Noticed Urug
 20777 | Orc:2    | Killed Urug
 21064 | Orc:1    | Noticed an orc warlord
 21356 | Orc:2    | Killed an orc warlord
 21684 | Lair:1   | Entered Level 1 of the Lair of Beasts
 23322 | Lair:3   | Received a gift from Okawaru
 23323 | Lair:3   | Reached skill level 15 in Fighting
 23323 | Lair:3   | Reached skill level 15 in Armour
 24015 | Lair:3   | Found a staircase to the Swamp.
 24391 | Lair:4   | Noticed Kirke
 24404 | Lair:4   | Killed Kirke
 24570 | Lair:4   | Found a staircase to the Snake Pit.
 24593 | Lair:4   | Found a glowing silver altar of Zin.
 25374 | Lair:5   | Noticed Snorg
 25386 | Lair:5   | Killed Snorg
 25435 | Lair:5   | You are sucked into a shaft and drop 1 floor!
 25435 | Lair:6   | Entered Level 6 of the Lair of Beasts
 25811 | Lair:6   | Found a runed translucent gate.
 25812 | Lair:6   | Found a runed translucent gate.
 25813 | Lair:6   | Found a runed translucent gate.
 25814 | Lair:6   | Noticed Xomnel's ghost (journeyman TeFi)
 25829 | Lair:6   | Killed Xomnel's ghost
 26192 | Lair:6   | Reached XP level 16. HP: 110/110 MP: 19/19
 26773 | Lair:6   | Received a gift from Okawaru
 26798 | Lair:6   | Got an ancient eveningstar {god gift}
 26799 | Lair:6   | Identified the +5 eveningstar "Huiloq" {freeze, rC++}
                  | (Okawaru gifted it to you on level 6 of the Lair of Beasts)
 26912 | Lair:6   | Found a viscous altar of Jiyva.
 26912 | Lair:6   | Found a staircase to the Slime Pits.
 27049 | Lair:6   | Reached skill level 15 in Maces & Flails
 27576 | Lair:5   | Got a steaming zirconium amulet
 27577 | Lair:5   | Identified the amulet "Ciulio" {Faith rC+ Str+4 Stlth+}
                  | (You found it on level 5 of the Lair of Beasts)
 27881 | Lair:5   | Found a hide-covered altar of Uskayaw.
 27883 | Lair:5   | Found an ornate altar of the Wu Jian Council.
 28207 | Snake:1  | Entered Level 1 of the Snake Pit
 28229 | Snake:1  | Received a gift from Okawaru
 28563 | Snake:1  | Found a glowing golden altar of the Shining One.
 28627 | Snake:1  | Got a masterwork whip
 28628 | Snake:1  | Identified the +6 whip of Pandemonium {vorpal, Str+3 Dex+4}
                  | (You found it on level 1 of the Snake Pit)
 29149 | Snake:1  | Found Anty's Jewellery Boutique.
 29150 | Snake:1  | Found Luvenynt's Gadget Shoppe.
 29152 | Snake:1  | Found Laitej's Jewellery Boutique.
 29193 | Snake:1  | Bought the amulet "Etwidgh" {Reflect Int+2 Slay+2 SH+5} for
                  | 744 gold pieces
 29466 | Snake:2  | Noticed a nagaraja
 29476 | Snake:2  | Killed a nagaraja
 29613 | Snake:2  | Received a gift from Okawaru
 29714 | Snake:2  | Found a runed translucent door.
 29715 | Snake:2  | Noticed dohliylev's ghost (journeyman MiBe)
 29812 | Snake:2  | Killed dohliylev's ghost
 29813 | Snake:2  | Reached XP level 17. HP: 92/117 MP: 12/20
 30345 | Snake:3  | Found a hazy altar of Hepliaklqana.
 30410 | Snake:3  | Received a gift from Okawaru
 30585 | Snake:3  | Reached skill level 15 in Shields
 30953 | Snake:3  | Found a runed translucent gate.
 30953 | Snake:3  | Found a runed translucent gate.
 30957 | Snake:3  | Found a runed translucent gate.
 30957 | Snake:3  | Noticed Siddir's ghost (journeyman MiBe)
 31377 | Snake:3  | Killed Siddir's ghost
 31472 | Snake:4  | Entered Level 4 of the Snake Pit
 31581 | Snake:4  | Received a gift from Okawaru
 31828 | Snake:4  | Received a gift from Okawaru
 31834 | Snake:4  | Reached XP level 18. HP: 67/126 MP: 16/23
 31881 | Snake:4  | Received a gift from Okawaru
 32400 | Snake:4  | Acquired a manual of Fighting
 32463 | Snake:4  | Received a gift from Okawaru
 32659 | Snake:4  | Found Ytwoz's Antique Armour Shop.
 32964 | Snake:4  | Got a serpentine rune of Zot
 33193 | Swamp:1  | Entered Level 1 of the Swamp
 33201 | Swamp:1  | Received a gift from Okawaru
 34426 | Swamp:2  | Identified Roxanne's Almanac of Transformation
 34426 | Swamp:2  | Noticed Roxanne
 34446 | Swamp:2  | Killed Roxanne
 34446 | Swamp:2  | Received a gift from Okawaru
 34458 | Swamp:2  | Got a steaming cloak {god gift}
 34464 | Swamp:2  | Identified the -3 cloak "Fudinnug" {Will+++} (Okawaru
                  | gifted it to you on level 2 of the Swamp)
 34911 | Swamp:3  | Reached XP level 19. HP: 127/134 MP: 24/24
 35523 | Swamp:4  | Entered Level 4 of the Swamp
 36499 | Swamp:4  | Received a gift from Okawaru
 36651 | Swamp:4  | Noticed a tentacled monstrosity
 36658 | Swamp:4  | Killed a tentacled monstrosity
 36730 | Swamp:4  | Got a decaying rune of Zot
 37205 | Vaults:1 | Entered Level 1 of the Vaults
 37790 | Vaults:1 | Reached XP level 20. HP: 90/144 MP: 21/25
 38008 | Vaults:1 | Found Yzec's Weapon Shop.
 38083 | Vaults:1 | Found Nemuus's Distillery.
 38091 | Vaults:1 | Bought a potion of haste for 170 gold pieces
 38091 | Vaults:1 | Bought a potion of haste for 170 gold pieces
 38091 | Vaults:1 | Bought a potion of attraction for 51 gold pieces
 38091 | Vaults:1 | Bought a potion of curing for 51 gold pieces
 38091 | Vaults:1 | Bought a potion of attraction for 51 gold pieces
 38091 | Vaults:1 | Bought a potion of invisibility for 136 gold pieces
 38321 | Vaults:1 | Received a gift from Okawaru
 38405 | Vaults:1 | Found Jealun's Weapon Boutique.
 38998 | Vaults:1 | You are sucked into a shaft and drop 1 floor!
 39497 | Vaults:2 | Received a gift from Okawaru
 40097 | Vaults:2 | Received a gift from Okawaru
 40568 | Vaults:2 | Reached XP level 21. HP: 152/152 MP: 26/26
 40623 | Vaults:2 | Noticed a bone dragon
 40625 | Vaults:2 | Found a staircase to the Crypt.
 40642 | Vaults:2 | Killed a bone dragon
 40876 | Vaults:2 | Acquired a manual of Shields
 41696 | Vaults:1 | Identified the cursed +0 plate armour "Anuix" {*Drain Str+3
                  | Slay+3} (You found it on level 1 of the Vaults)
 41889 | Vaults:3 | Received a gift from Okawaru
 41930 | Vaults:3 | Got a smoking mace {god gift}
 41932 | Vaults:3 | Identified the +3 mace of Arum's Purpose {flame, rPois rF-
                  | rN+ Stlth+} (Okawaru gifted it to you on level 3 of the
                  | Vaults)
 42345 | Vaults:3 | Found Foifep's Gadget Shoppe.
 42778 | Vaults:3 | Received a gift from Okawaru
 42800 | Vaults:3 | Got a transparent tower shield {god gift}
 42811 | Vaults:3 | Identified the +0 tower shield of Debiseom {*Slow rC+++
                  | Str+4} (Okawaru gifted it to you on level 3 of the Vaults)
 43479 | Vaults:4 | Reached XP level 22. HP: 147/160 MP: 27/27
 43510 | Vaults:4 | Found a ruined gateway.
 43536 | Desolati | Entered the Desolation of Salt
 44170 | Desolati | Identified the Incunabulum of Creative Stones
 44236 | Desolati | Received a gift from Okawaru
 45032 | Desolati | Identified the Guide on Venom and Conjuration
 45049 | Desolati | Identified the Guide on the Cloudy Traveller
 45189 | Desolati | Identified the Volume of Transmigration
 46893 | Elf:1    | Entered Level 1 of the Elven Halls
 47462 | Elf:1    | Received a gift from Okawaru
 47831 | Elf:1    | Reached XP level 23. HP: 166/166 MP: 28/28
 47931 | Elf:2    | Found Racor's Magic Scroll Boutique.
 47979 | Elf:2    | Bought a scroll of identify for 26 gold pieces
 47979 | Elf:2    | Bought a scroll of magic mapping for 45 gold pieces
 47979 | Elf:2    | Bought a scroll of identify for 26 gold pieces
 48085 | Elf:2    | Found a runed translucent gate.
 48085 | Elf:2    | Found a runed translucent gate.
 48085 | Elf:2    | Found a runed translucent gate.
 48491 | Elf:2    | Noticed Agnes
 48515 | Elf:2    | Killed Agnes
 48579 | Elf:2    | Reached XP level 24. HP: 172/172 MP: 28/28
 48608 | Elf:2    | Cast into level 3 of the Abyss (+0 halberd of distortion)
 48715 | Abyss:3  | Got a pitted ruby amulet
 48716 | Abyss:3  | Identified the amulet "Fuha" {Acrobat rC+ rN+ SInv} (You
                  | found it on level 3 of the Abyss)
 48732 | Abyss:3  | Found a corrupted altar of Lugonu.
 48820 | Abyss:3  | Paralysed by accursed screaming for 1 turns
 48890 | Abyss:3  | Got an abyssal rune of Zot
 48897 | Elf:2    | Escaped the Abyss
 49187 | Elf:3    | Entered Level 3 of the Elven Halls
 49231 | Elf:3    | Noticed Nikola
 49252 | Elf:3    | Killed Nikola
 49432 | Elf:3    | HP: 7/173 [deep elf high priest/damnation (24)]
 49437 | Elf:3    | HP: 7/173 [deep elf high priest/divine providence (9)]
 49734 | Elf:3    | Received a gift from Okawaru
 49865 | Elf:3    | Identified the ring of Tulips {*Tele rC- rN+ MP+9}
 50172 | Elf:3    | Identified the +11 morningstar "Killer Bee's Doom" {holy,
                  | +Fly Int+2 Dex-3}
 50222 | Elf:3    | Received a gift from Okawaru
 50234 | Elf:3    | Gained mutation: You expend magic power (3 MP) to
                  | strengthen your wands. [a neqoxec]
 50268 | Elf:3    | Got a faintly glowing ruby amulet
 50269 | Elf:3    | Identified the amulet "Nomostroq" {Inacc rElec rN+ Str+2}
                  | (You found it on level 3 of the Elven Halls)
 50285 | Elf:3    | Reached XP level 25. HP: 180/180 MP: 28/28
 50323 | Elf:3    | Got a dazzling flail {god gift}
 50324 | Elf:3    | Identified the +6 flail "Grim" {vorpal, *Drain rF+ Will+
                  | Str+4} (Okawaru gifted it to you on level 3 of the Elven
                  | Halls)
 50966 | Vaults:5 | Entered Level 5 of the Vaults
 50973 | Vaults:5 | Noticed an ancient lich
 50981 | Vaults:5 | Received a gift from Okawaru
 50984 | Vaults:5 | Killed an ancient lich
 50985 | Vaults:5 | Reached XP level 26. HP: 49/187 MP: 23/28
 51452 | Vaults:5 | Identified the +0 mace "Kawunk" {flame, rElec}
 51791 | Vaults:5 | Noticed an ancient lich
 51809 | Vaults:5 | Killed an ancient lich
 51894 | Vaults:5 | Received a gift from Okawaru
 52289 | Vaults:5 | Identified the +5 flail "Tyuss" {drain, +Rage rPois rF-
                  | Stlth+}
 52524 | Vaults:5 | Found Uhaschul's General Store.
 52536 | Vaults:5 | Identified Sif Muna's Catalogue of Mutagenic Summoning
 52539 | Vaults:5 | Bought a scroll of enchant weapon for 127 gold pieces
 52619 | Vaults:5 | Noticed an ancient lich
 52630 | Vaults:5 | Killed an ancient lich
 52631 | Vaults:5 | Reached XP level 27. HP: 126/195 MP: 28/28
 52908 | Vaults:5 | Got a silver rune of Zot
 53596 | Depths:1 | Entered Level 1 of the Depths
 53649 | Depths:1 | Received a gift from Okawaru
 53715 | Depths:1 | Got a twisted hat {god gift}
 53726 | Depths:1 | Identified the +2 hat "Fudoypp" {rPois Will++ Regen+ Int-2}
                  | (Okawaru gifted it to you on level 1 of the Depths)
 54114 | Depths:1 | Found a gateway to Hell.
 54164 | Depths:1 | Found a corrupted altar of Lugonu.
 54167 | Depths:1 | Found a one-way gate to the infinite horrors of the Abyss.
 54367 | Depths:1 | Noticed an ancient lich
 54368 | Depths:1 | Found a gateway to a ziggurat.
 54381 | Depths:1 | Killed an ancient lich
 54382 | Depths:1 | Reached skill level 1 in Dodging
 54499 | Depths:1 | Found a one-way gate leading to the halls of Pandemonium.
 55048 | Depths:2 | Received a gift from Okawaru
 55425 | Depths:2 | Paralysed by a floating eye for 4 turns
 55452 | Depths:2 | Paralysed by a floating eye for 3 turns
 55468 | Depths:2 | Received a gift from Okawaru
 55477 | Depths:2 | Reached skill level 5 in Dodging
 55987 | Depths:2 | Found a runed translucent gate.
 55988 | Depths:2 | Found a runed translucent gate.
 55988 | Depths:2 | Noticed Himiffod's ghost (veteran GrVM)
 55989 | Depths:2 | Found a runed translucent gate.
 55992 | Depths:2 | Identified the ring "Letz" {Str+5 Int+6 Dex-3}
 56320 | Depths:2 | Reached skill level 27 in Fighting
 56512 | Depths:2 | Killed Himiffod's ghost
 56628 | Depths:3 | Noticed Jory
 56670 | Depths:3 | Killed Jory
 57023 | Depths:3 | Received a gift from Okawaru
 57367 | Depths:3 | Noticed a royal mummy
 57381 | Depths:3 | Noticed a royal mummy
 57384 | Depths:3 | Killed a royal mummy
 57387 | Depths:3 | Found the +7 sceptre of Torment {pain, torment}
 57396 | Depths:3 | Killed a royal mummy
 57624 | Depths:3 | Noticed a royal mummy
 57640 | Depths:3 | Killed a royal mummy
 57991 | Depths:2 | Identified the +8 hand crossbow of an ice cave {flame,
                  | Str+4}
 58005 | Depths:2 | Reached skill level 1 in Evocations
 58334 | Depths:4 | Received a gift from Okawaru
 58565 | Depths:4 | Acquired 965 gold pieces
 58722 | Depths:4 | Noticed Louise
 58738 | Depths:4 | Killed Louise
 59021 | Depths:4 | Reached skill level 10 in Dodging
 59093 | Depths:4 | Reached skill level 5 in Evocations
 59298 | Depths:5 | Entered Level 5 of the Depths
 59299 | Depths:5 | Found Faunakie's Gadget Emporium.
 59306 | Depths:5 | Noticed Mennas
 59331 | Depths:5 | Killed Mennas
 59396 | Depths:5 | Received a gift from Okawaru
 59420 | Depths:5 | Identified the +4 cloak "Sivvutee" {rN+++ Int+5 Dex-4}
                  | (Okawaru gifted it to you on level 5 of the Depths)
 59517 | Depths:5 | Noticed Poanarph's ghost (veteran GrVM)
 59543 | Depths:5 | Found a transporter.
 59910 | Depths:5 | Found a gate to the Realm of Zot.
 59950 | Depths:5 | Found a transporter.
 60873 | Slime:1  | Entered Level 1 of the Pits of Slime
 60944 | Slime:3  | Gained mutation: You occasionally shout uncontrollably at
                  | your foes. [a shining eye]
 60969 | Slime:4  | Gained mutation: Your body sometimes deteriorates upon
                  | taking damage. [a shining eye]
 61074 | Slime:4  | Lost mutation: You occasionally shout uncontrollably at
                  | your foes. [potion of mutation]
 61074 | Slime:4  | Lost mutation: Your body sometimes deteriorates upon taking
                  | damage. [potion of mutation]
 61074 | Slime:4  | Gained mutation: You are agile. (Dex +2) [potion of
                  | mutation]
 61074 | Slime:4  | Gained mutation: Armour fits poorly on your strangely
                  | shaped body. [potion of mutation]
 61074 | Slime:4  | Lost mutation: Armour fits poorly on your strangely shaped
                  | body. [potion of mutation]
 61074 | Slime:4  | Gained mutation: You are partially covered in icy blue
                  | scales. (AC +2) [potion of mutation]
 61178 | Slime:5  | Entered Level 5 of the Pits of Slime
 61195 | Slime:5  | Paralysed by a floating eye for 4 turns
 61219 | Slime:5  | Received a gift from Okawaru
 61220 | Slime:5  | Paralysed by a floating eye for 2 turns
 61220 | Slime:5  | Gained mutation: Your magical capacity is low. (-10% MP) [a
                  | shining eye]
 61227 | Slime:5  | Paralysed by a floating eye for 3 turns
 61409 | Slime:5  | Got a translucent morningstar {god gift}
 61410 | Slime:5  | Identified the +2 morningstar of Ycsiykkewk {vorpal,
                  | +Blink} (Okawaru gifted it to you on level 5 of the Pits of
                  | Slime)
 61429 | Slime:5  | Found a viscous altar of Jiyva.
 61429 | Slime:5  | Noticed the Royal Jelly
 61430 | Slime:5  | Found the amulet of the Air {Inacc +Fly rElec EV+5 RMsl}
 61457 | Slime:5  | Killed the Royal Jelly
 61492 | Slime:5  | Received a gift from Okawaru
 61565 | Slime:5  | Got a slimy rune of Zot
 61681 | Slime:5  | Identified the ring of the Trilobite {Wiz SInv} (You found
                  | it on level 5 of the Pits of Slime)
 61712 | Slime:5  | Identified the +1 mace of Dissatisfaction {drain, rN++
                  | MP-9} (You found it on level 5 of the Pits of Slime)
 61817 | Slime:5  | Gained mutation: You are weak. (Str -2) [a shining eye]
 61937 | Slime:5  | Reached skill level 10 in Evocations
 62100 | Slime:5  | Lost mutation: You are agile. (Dex +2) [a shining eye]
 62551 | Pan      | Entered Pandemonium
 63471 | Pan      | Gained mutation: Your magical capacity is very low. (-20%
                  | MP) [a neqoxec]
 63474 | Pan      | Gained mutation: Your body sometimes deteriorates upon
                  | taking damage. [a neqoxec]
 63475 | Pan      | Gained mutation: You are very weak. (Str -4) [a cacodemon]
 63480 | Pan      | Gained mutation: Your magical capacity is extremely low.
                  | (-30% MP) [a neqoxec]
 63495 | Pan      | Gained mutation: You do not regenerate when monsters are
                  | visible. [a neqoxec]
 63501 | Pan      | Received a gift from Okawaru
 63610 | Pan      | Gained mutation: You tend to lose your temper in combat. [a
                  | neqoxec]
 63655 | Pan      | Noticed Inwag the pandemonium lord
 63674 | Pan      | Killed Inwag the pandemonium lord
 63907 | Pan      | Lost mutation: You expend magic power (3 MP) to strengthen
                  | your wands. [potion of mutation]
 63907 | Pan      | Lost mutation: Your body sometimes deteriorates upon taking
                  | damage. [potion of mutation]
 63907 | Pan      | Lost mutation: You are very weak. (Str -4) [potion of
                  | mutation]
 63907 | Pan      | Lost mutation: You are weak. (Str -2) [potion of mutation]
 64022 | Pan      | Identified the +0 hat "Icvimir" {rN+ Int+2} (Okawaru gifted
                  | it to you in Pandemonium)
 64145 | Depths:1 | Escaped Pandemonium
 64452 | Lair:4   | Fell from the grace of Okawaru
 64452 | Lair:4   | Became a worshipper of Zin the Law-Giver
 64452 | Lair:4   | Reached * piety under Zin
 64452 | Lair:4   | Reached ** piety under Zin
 66281 | Pan      | Entered Pandemonium
 66293 | Pan      | Found a runed translucent door.
 66297 | Pan      | Found a runed translucent door.
 66297 | Pan      | Found a runed translucent door.
 66408 | Pan      | Found a runed translucent door.
 66908 | Pan      | Reached *** piety under Zin
 67456 | Pan      | Reached skill level 27 in Armour
 67989 | Pan      | Noticed Vicoid Yte the pandemonium lord
 67994 | Pan      | Killed Vicoid Yte the pandemonium lord
 67998 | Pan      | Got a demonic rune of Zot
 68149 | Pan      | Noticed Nirela the pandemonium lord
 68166 | Pan      | Killed Nirela the pandemonium lord
 68179 | Pan      | Reached **** piety under Zin
 68505 | Pan      | Found an exit through the horrors of the Abyss.
 68520 | Pan      | Gained mutation: Armour fits poorly on your strangely
                  | shaped body. [a neqoxec]
 69076 | Pan      | Entered the realm of Lom Lobon.
 69723 | Pan      | Found an exit through the horrors of the Abyss.
 69943 | Pan      | Reached ***** piety under Zin
 70084 | Pan      | Reached skill level 15 in Dodging
 70261 | Pan      | Was forgiven by Okawaru
 70502 | Pan      | Reached skill level 10 in Invocations
 70605 | Pan      | Noticed Lom Lobon
 70625 | Pan      | Killed Lom Lobon
 70914 | Pan      | Got a magical rune of Zot
 71393 | Pan      | Took an exit into the Abyss.
 71393 | Abyss:1  | Escaped into the Abyss
 71606 | Abyss:1  | Paralysed by accursed screaming for 1 turns
 71617 | Abyss:1  | Paralysed by accursed screaming for 1 turns
 71644 | Depths:1 | Escaped the Abyss
 71871 | Depths:1 | Voluntarily entered the Abyss.
 71872 | Abyss:1  | Found a corrupted altar of Lugonu.
 71894 | Abyss:1  | Noticed an ancient lich
 71902 | Abyss:1  | Killed an ancient lich
 71919 | Abyss:1  | Found a corrupted altar of Lugonu.
 71952 | Abyss:1  | Found a transporter.
 71954 | Abyss:1  | Found a corrupted altar of Lugonu.
 71957 | Abyss:1  | Found a transporter.
 71965 | Abyss:1  | Paralysed by accursed screaming for 1 turns
 72047 | Abyss:1  | Got a wavering bronze amulet
 72055 | Abyss:1  | Found a transporter.
 72073 | Abyss:1  | Identified the amulet of Zyoqeul {rN+ Will+ Regen+} (You
                  | found it on level 1 of the Abyss)
 72192 | Abyss:1  | Found a snail-covered altar of Cheibriados.
 72268 | Abyss:1  | Reached ****** piety under Zin
 72297 | Abyss:1  | Lost mutation: You tend to lose your temper in combat.
                  | [potion of mutation]
 72297 | Abyss:1  | Lost mutation: Your magical capacity is extremely low.
                  | (-30% MP) [potion of mutation]
 72298 | Abyss:1  | Lost mutation: Armour fits poorly on your strangely shaped
                  | body. [potion of mutation]
 72298 | Abyss:1  | Lost mutation: You are partially covered in icy blue
                  | scales. (AC +2) [potion of mutation]
 72299 | Abyss:1  | Lost mutation: Your magical capacity is very low. (-20% MP)
                  | [potion of mutation]
 72299 | Abyss:1  | Lost mutation: You do not regenerate when monsters are
                  | visible. [potion of mutation]
 72946 | Depths:1 | Escaped the Abyss
 73011 | Pan      | Entered Pandemonium
 73033 | Pan      | Acquired 431 gold pieces
 73149 | Pan      | Noticed Vaxinke the pandemonium lord
 73156 | Pan      | Killed Vaxinke the pandemonium lord
 73778 | Pan      | Reached skill level 15 in Invocations
 73846 | Pan      | Found an exit through the horrors of the Abyss.
 73997 | Pan      | Noticed Qahetosk the pandemonium lord
 74006 | Pan      | Killed Qahetosk the pandemonium lord
 74266 | Pan      | Lost mutation: Your magical capacity is low. (-10% MP)
                  | [potion of mutation]
 74958 | Depths:1 | Escaped Pandemonium
 75187 | D:7      | Fell from the grace of Zin
 75187 | D:7      | Became a worshipper of the Shining One
 75187 | D:7      | Reached * piety under the Shining One
 75187 | D:7      | Reached ** piety under the Shining One
 75187 | D:7      | Reached *** piety under the Shining One
 75400 | Pan      | Entered Pandemonium
 75418 | Pan      | Reached **** piety under the Shining One
 75420 | Pan      | Gained mutation: Your skin changes colour to match your
                  | surroundings (Stealth+). [a neqoxec]
 75426 | Pan      | Gained mutation: Your magical capacity is low. (-10% MP) [a
                  | neqoxec]
 75458 | Pan      | Noticed Beokobosk the pandemonium lord
 75462 | Pan      | Reached ***** piety under the Shining One
 75471 | Pan      | Killed Beokobosk the pandemonium lord
 75781 | Pan      | Found a runed translucent door.
 76253 | Pan      | Entered the realm of Gloorx Vloq.
 76259 | Pan      | Reached ****** piety under the Shining One
 76347 | Pan      | Noticed Gloorx Vloq
 76359 | Pan      | Killed Gloorx Vloq
 76404 | Pan      | Got a dark rune of Zot
 76735 | Pan      | Noticed Mipn the pandemonium lord
 76743 | Pan      | Killed Mipn the pandemonium lord
 77562 | Pan      | Noticed Tumeur the pandemonium lord
 77572 | Pan      | Killed Tumeur the pandemonium lord
 77699 | Pan      | Noticed Bacs the pandemonium lord
 77704 | Pan      | Killed Bacs the pandemonium lord
 78480 | Pan      | Found a runed translucent door.
 78581 | Pan      | Noticed Qoum the pandemonium lord
 78585 | Pan      | Killed Qoum the pandemonium lord
 78710 | Pan      | Noticed Ignacio
 78723 | Pan      | Killed Ignacio
 78974 | Pan      | Entered the realm of Cerebov.
 79006 | Pan      | Identified the +6 sword of Cerebov {flame}
 79006 | Pan      | Noticed Cerebov
 79031 | Pan      | Killed Cerebov
 79047 | Pan      | Got a fiery rune of Zot
 79112 | Pan      | Identified the Incunabulum of Transformation and
                  | Contamination
 79358 | Pan      | Found a huge runed translucent gate.
 79358 | Pan      | Found a huge runed translucent gate.
 79358 | Pan      | Found a huge runed translucent gate.
 79358 | Pan      | Found a huge runed translucent gate.
 79358 | Pan      | Found a huge runed translucent gate.
 79358 | Pan      | Found a huge runed translucent gate.
 79358 | Pan      | Noticed Veafuh the pandemonium lord
 79366 | Pan      | Killed Veafuh the pandemonium lord
 79488 | Pan      | Found a huge runed translucent gate.
 79609 | Pan      | Found an exit through the horrors of the Abyss.
 80540 | Pan      | Noticed Natam the pandemonium lord
 80545 | Pan      | Gained mutation: Armour fits poorly on your strangely
                  | shaped body. [a neqoxec]
 80550 | Pan      | Killed Natam the pandemonium lord
 80584 | Pan      | Identified the +4 plate armour of Inoasest {Dex+3} (You
                  | found it in Pandemonium)
 80748 | Pan      | Gained mutation: Scrolls take you a little longer to read.
                  | [a neqoxec]
 80783 | Pan      | Reached skill level 27 in Shields
 80788 | Pan      | Gained mutation: You are frail. (-10% HP) [a neqoxec]
 81171 | Pan      | Gained mutation: You are dopey. (Int -2) [a neqoxec]
 81178 | Pan      | Noticed Salam the pandemonium lord
 81190 | Pan      | Killed Salam the pandemonium lord
 81308 | Pan      | Found a runed translucent door.
 81428 | Pan      | Noticed Yseuv the pandemonium lord
 81444 | Pan      | Killed Yseuv the pandemonium lord
 81563 | Pan      | Identified the cursed +0 tower shield of Weapp {-Tele Str+3
                  | Int+3 Dex+3}
 81782 | Pan      | Noticed Qacuew the pandemonium lord
 81799 | Pan      | Killed Qacuew the pandemonium lord
 81819 | Pan      | Entered the realm of Mnoleg.
 81830 | Pan      | Lost mutation: Armour fits poorly on your strangely shaped
                  | body. [potion of mutation]
 81830 | Pan      | Lost mutation: Scrolls take you a little longer to read.
                  | [potion of mutation]
 81830 | Pan      | Lost mutation: You are dopey. (Int -2) [potion of mutation]
 81830 | Pan      | Gained mutation: You have large cloven feet. [potion of
                  | mutation]
 81991 | Pan      | Lost mutation: Your magical capacity is low. (-10% MP) [a
                  | neqoxec]
 82020 | Pan      | Gained mutation: You are very frail. (-20% HP) [a neqoxec]
 82056 | Pan      | Gained mutation: You occasionally shout uncontrollably at
                  | your foes. [a neqoxec]
 82057 | Pan      | Gained mutation: You sometimes yell uncontrollably at your
                  | foes. [a neqoxec]
 82094 | Pan      | Noticed Mnoleg
 82103 | Pan      | Gained mutation: Potions are less effective at restoring
                  | your health. [a cacodemon]
 82105 | Pan      | Killed Mnoleg
 82127 | Pan      | Got a glowing rune of Zot
 82241 | Pan      | Gained mutation: Potions are poor at restoring your health.
                  | [a neqoxec]
 82242 | Pan      | Gained mutation: You are dopey. (Int -2) [a neqoxec]
 82389 | Pan      | Found an exit through the horrors of the Abyss.
 82389 | Pan      | Gained mutation: Your body sometimes deteriorates upon
                  | taking damage. [a neqoxec]
 82391 | Pan      | Gained mutation: Armour fits poorly on your strangely
                  | shaped body. [a neqoxec]
 82413 | Pan      | Took an exit into the Abyss.
 82413 | Abyss:1  | Escaped into the Abyss
 82428 | Depths:2 | Escaped the Abyss
 82480 | Hell     | Entered the Vestibule of Hell
 82480 | Hell     | Noticed Geryon
 82488 | Hell     | Killed Geryon
 82491 | Hell     | Reached skill level 1 in Throwing
 82517 | Hell     | Noticed Murray
 82524 | Hell     | Killed Murray
 82604 | Hell     | Found a gateway to the freezing wastes of Cocytus.
 82763 | Hell     | Found a gateway to the Iron City of Dis.
 82848 | Hell     | Found a gateway to the ashen valley of Gehenna.
 82903 | Hell     | Found a gateway to the decaying netherworld of Tartarus.
 83030 | Geh:1    | Entered Level 1 of Gehenna
 83289 | Geh:1    | Reached skill level 5 in Throwing
 83763 | Geh:4    | You are sucked into a shaft and drop 2 floors!
 83892 | Geh:7    | Entered Level 7 of Gehenna
 84042 | Geh:7    | Noticed the Serpent of Hell
 84052 | Geh:7    | Killed the Serpent of Hell
 84145 | Geh:7    | Identified the +9 mace "Ruaschoph" {venom, Fragile +Fly
                  | rPois}
 84176 | Geh:7    | Identified the +7 sceptre of Asmodeus
 84176 | Geh:7    | Noticed Asmodeus
 84202 | Geh:7    | Killed from afar by Asmodeus

Illustrated notes

Levels and vault maps discovered:
D:1:      lemuel_arrival_behind_the_door_small, layout_basic
D:2:      layout_basic, chequers_serial_rivers_micro_a
D:3:      layout_loops_cross, nicolae_ru_sacrificial_ziggurat, uniq_robin,
          uniq_sigmund
D:4:      layout_basic, overflow_temple_1_default, lemuel_round_altar,
          serial_shops, shop_fountains, nicolae_shop_waterfront, shop,
          nicolae_shop_temple_entry_statues_fountains, shop
D:5:      layout_basic, lemuel_doored_altar, minmay_temple_entry_water_ring,
          uniq_blork_the_orc, uniq_ijyb
D:6:      layout_basic, basic_altar, tgw_trog, uniq_edmund
D:7:      layout_rooms, kennysheep_mini, uniq_duvessa
D:8:      layout_rooms, dancing_weapons_uskayaw, david_lair_generic,
          basic_altar, gammafunk_ghost_split, serial_shops,
          nicolae_shop_crystal, nicolae_shop_temple_entry_statues_fountains,
          shop, nicolae_shop_trees
D:9:      lemuel_ice_spiral_2, layout_irregular_city, general_overflow_altar,
          orc_0_dummy
D:10:     layout_roguey
D:11:     layout_basic
D:12:     layout_loops_ring, serial_shops, bzr_in_the_mist,
          grunt_qazlal_sundering
D:13:     layout_rooms, david_vaults_4
D:14:     minmay_the_grid_square_5x5_3x3
          [minmay_the_grid_square_5x5_hollow_slash,
          minmay_the_grid_square_5x5_inner_z,
          minmay_the_grid_square_5x5_two_small,
          minmay_the_grid_square_5x5_inverted_slash,
          minmay_the_grid_square_5x5_megaprize_checkered,
          minmay_the_grid_square_5x5_eight_small,
          minmay_the_grid_square_5x5_inset,
          minmay_the_grid_square_5x5_checkered_sparse,
          minmay_the_grid_square_5x5_misaligned], layout_basic,
          gauntlet_entry_generic, serial_glass, glass_columns_a, glass_columns_c
D:15:     grunt_enter_depths_giant_problem, layout_basic, minmay_misc_feat_chi,
          grunt_potential, uniq_nessos
Temple:   nicolae_temple_elliptical
Lair:1:   layout_cellular_growth, lemuel_old_faithful, grunt_megastairs_2,
          serial_bayou_shore_a, infiniplex_staircase_pool
Lair:2:   layout_chaotic_city
Lair:3:   layout_chaotic_city, minmay_swamp_entry_worms, serial_bayou,
          serial_bayou_crossing, serial_bayou_pond_e, serial_bayou_pond_c,
          serial_bayou_lagoon_b, grunt_megastairs_4
Lair:4:   layout_gridlike, guppyfry_snake_entry_garden, serial_forest,
          infiniplex_forest_straight_3, infiniplex_forest_zigzag_2,
          infiniplex_forest_lined_ring, infiniplex_forest_lined_room_2,
          infiniplex_forest_clump_double, infiniplex_forest_lined_2,
          basic_altar, minivault_27, uniq_kirke
Lair:5:   layout_cave_pods, nzn_masters_of_martial_movement, uniq_snorg
Lair:6:   minmay_lair_end_enchanted_forest, layout_long_grid, slime_altar_1,
          ebering_ghost_rock_garden, minmay_another_anthill
Swamp:1:  layout_falls_marsh, evilmike_swamp_ruin_house_5, swamp_pool5,
          hangedman_swamp_diagram, hangedman_swamp_lotus
Swamp:2:  layout_basic_swamp, hangedman_swamp_ruin_wall, uniq_roxanne
Swamp:3:  layout_basic_swamp, evilmike_swamp_ruin_rubble_1, swamp_pool1
Swamp:4:  swamp_vile, layout_basic_swamp, swamp_pool3, nicolae_swamp_treefoil
Snake:1:  layout_cave_pods, basic_altar, nrook_guardian_serpent_double,
          minmay_shop_grove
Snake:2:  cheibrodos_forgotten_conduit, layout_onion_interference,
          gammafunk_ghost_grave, st_stairs_6
Snake:3:  layout_cave_pods, basic_altar, gammafunk_ghost_necromancy,
          grunt_ministairs_3, st_stairs_7, serial_bayou_shore_b
Snake:4:  grunt_snake_rune_serpentine_throne, layout_misc_corridors,
          serial_shops, shop
Slime:1:  layout_caves
Slime:2:  layout_caves
Slime:3:  layout_caves, nicolae_slime_phagocytosis
Slime:4:  layout_caves
Slime:5
Orc:1:    layout_caves, basic_altar
Orc:2:    st_orc_elflike, layout_caves, serial_shops, shop, uniq_urug
Elf:1:    eino_elf_arrival_shootout, layout_onion_city, hangedman_elf_represent
Elf:2:    layout_loops_ring, serial_shops, nicolae_shop_behind_doors, uniq_agnes
Elf:3:    grunt_elf_hall_asides, layout_geoelf_octagon, grunt_ministairs_6,
          uniq_nikola
Vaults:1: nicolae_vaults_windows_and_doors_thing, v_misc_3,
          nicolae_vaults_sealed_display,
          vaults_standard_mumra_enter_the_diamond,
          nicolae_vaults_yaktaur_gun_rack, v_alt_pattern_5,
          grunt_vaults_hallway_long, layout_vaults_omnigrid, serial_shops, shop,
          shop, nicolae_shop_statue_plus
Vaults:2: minmay_crypt_entry_nasty_monster, ontoclasm_vaults_claustrophobia,
          nicolae_vaults_mini_display_case, ontoclasm_vaults_ligature,
          nicolae_vaults_murderbox, ontoclasm_vaults_ring_large,
          nicolae_vaults_little_squares_6, hangedman_vaults_corner,
          nicolae_vaults_ninety_degrees, ontoclasm_vaults_ring_large,
          nicolae_vaults_border_crossing, grunt_vaults_trifunnel,
          vaults_room_door_ring, layout_vaults_omnicross
Vaults:3: nicolae_vaults_network_quincunx
          [nicolae_vaults_network_quincunx_subvault,
          nicolae_vaults_network_quincunx_subvault,
          nicolae_vaults_network_quincunx_subvault,
          nicolae_vaults_network_quincunx_subvault,
          nicolae_vaults_network_quincunx_subvault], vaults_room_boxed,
          v_misc_9, v_alt_pattern_4, v_pattern_2, nicolae_vaults_hallways_thing,
          nicolae_vaults_quartermaster, v_rooms_1, ontoclasm_vaults_chip,
          ontoclasm_vaults_ring_small, ontoclasm_vaults_loading_screen,
          layout_vaults_maze_snakey, serial_shops, nicolae_shop_behind_doors
Vaults:4: hangedman_vaults_river_flow, hangedman_vaults_nails, v_misc_2,
          nicolae_vaults_network_star, nicolae_vaults_network_s,
          ontoclasm_vaults_eye, grunt_vaults_diagonal,
          nicolae_vaults_diagonal_hallway_8, vaults_room_ringed_pool,
          vaults_mumra_chevron, layout_vaults_omnibox,
          portal_desolation_entry_twin_temple
Vaults:5: serial_shops
Depths:1: layout_forbidden_donut, enter_ziggurat_c, hex_medium,
          abyss_entry_flame_altar, hangedman_geh_valley, rand_demon_pan_entry_4,
          evilmike_ambush [evilmike_ambush_outer_basic,
          evilmike_ambush_inner_wall_2], infiniplex_staircase_pool_lava
Depths:2: minmay_nested_s, layout_honeycomb, gammafunk_ghost_split,
          nrook_mini_vaults, pan_entry, hellmouth_1, minmay_misc_feat_doors,
          infiniplex_staircase_star
Depths:3: minmay_guarded_unrand_sceptre_of_torment, layout_cave_shapes,
          abyss_entry, serial_rivers, chequers_serial_rivers_micro_b,
          chequers_serial_rivers_micro_c, chequers_serial_rivers_small_3,
          chequers_serial_rivers_large_a, chequers_serial_rivers_small_b,
          chequers_serial_rivers_micro_c, pan_entry, hangedman_coc_ice_floe,
          minmay_staircase_bubble, uniq_jory
Depths:4: evilmike_cross, layout_gridlike,
          nicolae_abyss_entry_one_way_or_another, grunt_hell_entry_dis_grunt,
          corexii_corridor_pit, lightli_fourway_metalbox
Depths:5: grunt_zot_entry_pinwheel, layout_cave_pools, gammafunk_ghost_arena,
          lightli_too_deep, serial_rivers, chequers_serial_rivers_room_a,
          chequers_serial_rivers_room_a, chequers_serial_rivers_marsh,
          chequers_serial_rivers_marsh, chequers_serial_rivers_small_b,
          serial_shops, shop, grunt_decor_one_mirror, patterned_corridor,
          uniq_mennas
Hell
Geh:1:    layout_gehenna_pools_box
Geh:2:    layout_gehenna_pools_triple, special_room [special_room_morgue],
          door_vault, lemuel_elevator
Geh:3:    layout_gehenna_pools_triple
Geh:4:    layout_gehenna_pools_box, nicolae_geh_single_fiery_grave,
          nicolae_geh_single_fiery_grave
Geh:6:    layout_gehenna_pools_box
Geh:7:    geh_old

Skill      XL: |  1  2  3  4  5  6  7  8  9 10 11 12 13 14 15 16 17 18 19 20 21 22 23 24 25 26 27 |
---------------+----------------------------------------------------------------------------------+-----
Fighting       | 4 5 7 8 9 10 11 13 14 15 17 18 19 21 22 23 24 25 27 | 27.0
Armour         | 4 5 6 8 9 10 11 13 14 15 16 17 18 19 20 21 22 27 | 27.0
Shields        | 4 5 6 8 9 10 11 12 13 14 15 16 18 19 20 27 | 27.0
Maces & Flails | 3 4 5 7 8 9 10 12 13 14 15 16 17 18 19 20 21 22 23 | 23.3
Invocations    | 1 4 5 7 24 | 24.7
Dodging        | 17 | 17.0
Evocations     | 12 | 12.0
Throwing       | 9 |  9.2

Action                   |  1- 3 |  4- 6 |  7- 9 | 10-12 | 13-15 | 16-18 | 19-21 | 22-24 | 25-27 || total
-------------------------+-------+-------+-------+-------+-------+-------+-------+-------+-------++-------
Melee: Flail             |    22 |       |       |       |       |       |       |       |       ||    22
       Whip              |    79 |   126 |   361 |  1046 |  2056 |   455 |       |       |       ||  4123
       Morningstar       |       |       |       |     6 |    13 |       |       |       |  3791 ||  3810
       Eveningstar       |       |       |       |       |       |  1139 |   403 |       |   776 ||  2318
       Demon whip        |       |       |       |       |       |    77 |  1164 |  1367 |  1778 ||  4386
       Sacred scourge    |       |       |       |       |       |       |       |       |     3 ||     3
Throw: Javelin           |       |       |       |     2 |       |     1 |       |       |       ||     3
Invok: Heroism           |       |       |     1 |     8 |    21 |     5 |     2 |     7 |     5 ||    49
       Finesse           |       |       |       |       |     8 |     2 |     1 |     3 |     9 ||    23
       Cleansing Flame   |       |       |       |       |       |       |       |       |    68 ||    68
       Summon Divine War |       |       |       |       |       |       |       |       |    18 ||    18
       Recite            |       |       |       |       |       |       |       |       |     2 ||     2
       Vitalisation      |       |       |       |       |       |       |       |       |     1 ||     1
       Divine Shield     |       |       |       |       |       |       |       |       |     1 ||     1
 Abil: Evoke Flight      |       |       |       |     1 |       |       |       |       |       ||     1
       Fly               |       |       |       |       |     1 |       |       |       |     1 ||     2
       Stop Flying       |       |       |       |       |       |       |       |       |     1 ||     1
Evoke: Wand              |       |       |       |     3 |    20 |     1 |     1 |     2 |     4 ||    31
       Lightning rod     |       |       |       |       |     1 |       |       |       |       ||     1
       Condenser vane    |       |       |       |       |       |       |       |       |     3 ||     3
       Phial of floods   |       |       |       |       |       |       |       |       |     1 ||     1
  Use: Scroll            |       |       |     8 |     9 |    15 |    12 |     6 |    13 |    34 ||    97
       Potion            |       |       |     1 |     1 |     8 |     1 |     1 |     6 |    28 ||    46
 Stab: Paralysed         |       |       |       |       |     1 |       |       |       |       ||     1
       Confused          |       |       |       |       |       |     1 |       |       |     2 ||     3
       Invisible         |       |       |       |       |       |       |       |     3 |       ||     3
       Distracted        |       |       |       |       |       |       |       |       |     3 ||     3
Armor: Scale mail        |    61 |    70 |   202 |   161 |       |       |       |       |       ||   494
       Crystal plate arm |       |       |       |   233 |   632 |   717 |   546 |   417 |   106 ||  2651
       Gold dragon scale |       |       |       |       |       |       |       |       |  2711 ||  2711
Dodge: Dodged            |    29 |    26 |   107 |   189 |   311 |   379 |   170 |   115 |  1284 ||  2610
Block: Kite shield       |    59 |    51 |   210 |   402 |  1229 |  1520 |   939 |       |       ||  4410
       Reflection        |       |       |       |       |    28 |   102 |   130 |    21 |   269 ||   550
       Tower shield      |       |       |       |       |       |       |   174 |  1251 |  7770 ||  9195
